 Dungeon Crawl Stone Soup version 0.29-a0-1065-g47a6bb87d6 (webtiles) character file.

Game seed: 12141691491078378665

0 drugrobin the Sneak (level 1, -1/18 HPs)
             Began as a Demigod Delver on Aug 18, 2022.
             Killed from afar by a white imp (6 damage)
             ... with a puff of frost
             ... on level 4 of the Dungeon.
             The game lasted 00:00:58 (33 turns).

drugrobin the Sneak (Demigod Delver)                  Turns: 33, Time: 00:00:58

Health: -1/18      AC:  3    Str: 13    XL:     1   Next: 6%
Magic:  3/3        EV: 11    Int: 12    God:
Gold:   0          SH:  0    Dex: 15    Spells: 0/0 levels left

rFire   . . .      SeeInvis .   a - +0 hand axe
rCold   . . .      Faith    .   (no shield)
rNeg    . . .      Spirit   .   b - +0 leather armour
rPois   .          Reflect  .   (no helmet)
rElec   .          Harm     .   (no cloak)
rCorr   .          Rampage  .   (no gloves)
Will    .....                   (no boots)
Stlth   +++.......              (no amulet)
HPRegen 0.06/turn               (no ring)
MPRegen 0.08/turn               (no ring)

@: no status effects
A: high MP 1, forlorn, divine attributes
a: no special abilities


You were on level 4 of the Dungeon.
You visited 1 branch of the dungeon, and saw 2 of its levels.

Inventory:

Hand Weapons
 a - a +0 hand axe (weapon)
Armour
 b - a +0 leather armour (worn)
Wands
 g - a wand of digging (3)
Scrolls
 c - a scroll of fog
 d - a scroll of magic mapping
 e - a scroll of fear
 h - a scroll of vulnerability {unknown}
Potions
 f - a potion of haste


   Skills:
 - Level 2.6 Fighting
 + Level 1.8 Axes
 - Level 1.7 Dodging
 - Level 4.5 Stealth


You couldn't memorise any spells.
You didn't know any spells.
Your spell library was empty.

Dungeon Overview and Level Annotations

Branches:
Dungeon (5/15)
 Temple: D:4-7


Innate Abilities, Weirdness & Mutations

You have an increased reservoir of magic. (+10% MP)
You shall have no god before yourself.
Your divine heritage dramatically boosts your attributes as you level up.


Message History

Unknown command.
Unknown command.
Unknown command.
Unknown command.
Found a stone staircase leading up.
Found an escape hatch in the floor.
Unknown command.
There is a stone staircase leading up here.
You climb upwards.
There is a stone staircase leading down here.
Unknown command.
Unknown command.
Found a stone staircase leading up.
Found a scroll labelled FIEBBEYHES and a scroll labelled XANAIB IDEPUJ.
The helpless ball python fails to defend itself.
You slash the ball python!
You kill the ball python!
Unknown command.
Unknown command.
A ball python and a white imp come into view.
There are monsters nearby!
Unknown command.
Unknown command.
There is a stone staircase leading up here.
Unknown command.
Unknown command.
The white imp gestures at you. The puff of frost hits you.
You see here a scroll labelled XANAIB IDEPUJ.
h - a scroll labelled XANAIB IDEPUJ The white imp gestures at you.
The puff of frost hits you!
* * * LOW HITPOINT WARNING * * *
The ball python closely misses you. The ball python grabs you.
The ball python constricts you.
* * * LOW HITPOINT WARNING * * *
You escape the ball python's grasp.
The white imp gestures at you. The puff of frost hits you.
You die...

.. ##.##
......## #..#
........####.##
#5..?.......#
#.....##...##
#.....##....####
#....#.........
#.........#...#
#....@..##.####
#....#...## .#
.### ###S....#
......# ##.#....
.....# .#....
.#.... ..


You could see a white imp and a ball python.

Vanquished Creatures
  A ball python (D:4)
1 creature vanquished.

Notes
Turn   | Place    | Note
-------+----------+-------------------------------------------
     0 | D:5      | drugrobin the Demigod Delver began the quest for the Orb.
     0 | D:5      | Reached XP level 1. HP: 18/18 MP: 3/3
    33 | D:4      | Killed from afar by a white imp

Illustrated notes

Levels and vault maps discovered:
D:4:      layout_layer_cave, mainiacjoe_overflow_divided_tiny,
          minmay_surrounded, uniq_menkaure
D:5:      layout_loops_cross, mainiacjoe_overflow_catwalk,
          minmay_temple_entry_mist, roderic_serpentine_path

Action                   || total
-------------------------++-------
Melee: Hand axe          ||     1
 Stab: Sleeping          ||     1
Dodge: Dodged            ||     1

Table legend: (Time is in decaauts)
 A = Elapsed time spent in this place.
 B = Non-inter-level travel time spent in this place.
 C = Inter-level travel time spent in this place.
 D = Time resting spent in this place.
 E = Time spent auto-exploring this place.
 F = Levels seen in this place.
 G = Mean time per level.
                   A        B        C        D        E       F      G
               +--------+--------+--------+--------+--------+-----+--------+
         Total |     33 |     33 |      0 |      0 |     19 |   2 |   16.5 |
       Dungeon |     33 |     33 |      0 |      0 |     19 |   2 |   16.5 |
               +--------+--------+--------+--------+--------+-----+--------+

Top non-repeatable levels by time:
     D:5: 19 daAuts
     D:4: 14 daAuts
